 Dungeon Crawl Stone Soup version 0.28.0-53-g5a82cb258f (webtiles) character file.

Game seed: 17292178139595115442

16 Groucho the Vexing (level 2, 0/14 HPs)
             Began as a Spriggan Arcane Marksman on July 19, 2022.
             Frozen to death by an endoplasm (3 damage)
             ... on level 1 of the Dungeon.
             The game lasted 00:03:00 (1061 turns).

Groucho the Vexing (Spriggan Arcane Marksman)       Turns: 1061, Time: 00:03:00

Health: 0/14       AC:  2    Str:  6    XL:     2   Next: 41%
Magic:  5/5        EV: 17    Int: 14    God:
Gold:   12         SH:  0    Dex: 15    Spells: 3/4 levels left

rFire   . . .      SeeInvis +   e - +0 dagger
rCold   . . .      Faith    .   (no shield)
rNeg    . . .      Spirit   .   d - +0 robe
rPois   .          Reflect  .   (helmet restricted)
rElec   .          Harm     .   (no cloak)
rCorr   .          Rampage  .   (gloves unavailable)
Will    .....                   (boots unavailable)
Stlth   ++........              (no amulet)
HPRegen 0.04/turn               (no ring)
MPRegen 0.09/turn               (no ring)

@: very quick
A: very small, no large weapons, unfitting armour, see invisible, speed 3
a: no special abilities


You were on level 1 of the Dungeon.
You visited 1 branch of the dungeon, and saw 1 of its levels.

You collected 12 gold pieces.

Inventory:

Hand Weapons
 a - a +0 shortbow
 e - a +0 dagger (weapon)
Missiles
 c - 38 arrows
Armour
 d - a +0 robe (worn)
Scrolls
 b - a scroll of noise {unknown}
 f - a scroll of vulnerability {unknown}
Potions
 g - a potion of lignification {unknown}


   Skills:
 + Level 0.9 Fighting
 + Level 0.3 Short Blades
 + Level 2.6 Bows
 * Level 3.0 Dodging
 * Level 1.5 Stealth
 + Level 1.5 Spellcasting
 * Level 3.8 Hexes


You had 3 spell levels left.
You knew the following spells:

 Your Spells              Type           Power      Damage    Failure   Level
a - Slow                  Hex            44%        N/A       4%          1

Your spell library contained the following spells:

 Spells                   Type           Power      Damage    Failure   Level
 Inner Flame              Hex/Fire       6%         N/A       34%         3
 Portal Projectile        Hex/Tloc       12%        N/A       34%         3
 Cause Fear               Hex            5%         N/A       45%         4


Dungeon Overview and Level Annotations

Branches:
Dungeon (1/15)

Altars:


Innate Abilities, Weirdness & Mutations

You are very small and have problems with some larger weapons.
You are too small for most types of armour.
You have supernaturally acute eyesight. (SInv)
You cover ground extremely quickly. (Speed+++)


Message History

Found a scroll labelled PUOCHE QUYCZA.
The ball python hisses angrily.
An endoplasm comes into view.
There are no items here.
The ball python bites you. The ball python closely misses you.
You barely miss the ball python. The ball python misses you.
The ball python grabs you. The ball python constricts you.
You closely miss the ball python.
The endoplasm quivers.
The ball python barely misses you. The ball python constricts you.
You hit the ball python.
You kill the ball python!
You barely miss the endoplasm. The endoplasm freezes you.
You are frozen.
You hit the endoplasm.
The endoplasm is lightly wounded.
The endoplasm misses you.
You hit the endoplasm.
The endoplasm is moderately wounded.
The endoplasm freezes you.
You are frozen.
You are too injured to fight recklessly!
You are too injured to fight recklessly!
You hit the endoplasm but do no damage.
The endoplasm is moderately wounded.
The endoplasm completely misses you.
You hit the endoplasm.
The endoplasm is almost dead.
The endoplasm hits you.
You hit the endoplasm but do no damage.
The endoplasm is almost dead.
The endoplasm freezes you.
You are frozen.
* * * LOW HITPOINT WARNING * * *
You hit the endoplasm but do no damage.
The endoplasm is almost dead.
The endoplasm freezes you.
You are frozen.
You die...

#......#..##.#####.......#.#.≈≈≈
#......>.###.# #####....#.#≈.<
########## #.# #...#.#.≈..
######### #.# #....#.#≈..
#.......# #.# #...#.#.≈≈≈
#.>###.[# #.# #.#.#.#.#.
...#.#..# #.# #.#.#.# #....)..#
##.###### ..##...#
........####....@J.# #. ##.#
#.............####...:...# ..
#.......####.## #.?###... ##.
..####### #.# ...# ### #^# #..#
#.. ..#. ### #.... .....


You could see an endoplasm.

Vanquished Creatures
  A dart slug (D:1)
  A giant cockroach (D:1)
  3 goblins (D:1)
  2 hobgoblins (D:1)
  A kobold (D:1)
  A quokka (D:1)
  2 ball pythons (D:1)
  2 frilled lizards (D:1)
  A rat (D:1)
14 creatures vanquished.

Notes
Turn   | Place    | Note
-------+----------+-------------------------------------------
     0 | D:1      | Groucho the Spriggan Arcane Marksman began the quest for
                  | the Orb.
     0 | D:1      | Reached XP level 1. HP: 9/9 MP: 3/3
   271 | D:1      | Reached skill level 1 in Stealth
   280 | D:1      | Reached XP level 2. HP: 14/14 MP: 3/5
  1061 | D:1      | Frozen to death by an endoplasm

Illustrated notes

Levels and vault maps discovered:
D:1:      ncdulo_watergridlock, layout_loops_cross

Skill      XL: |  1  2 |
---------------+-------+-----
Stealth        | 1 |  1.5
Dodging        | 3 |  3.0
Fighting       | |  0.9
Short Blades   | |  0.3
Bows           | |  2.6
Spellcasting   | |  1.5
Hexes          | |  3.8

Action                   || total
-------------------------++-------
Melee: Unarmed           ||    17
       Dagger            ||    43
 Fire: Shortbow          ||    21
 Stab: Sleeping          ||     2
Armor: Robe              ||     3
Dodge: Dodged            ||    44
